 Dungeon Crawl Stone Soup version 0.19.1 (webtiles) character file.

2620 Gargo the Magician (level 9, -8/51 HPs)
             Began as a Gargoyle Earth Elementalist on Dec 9, 2016.
             Was a Priest of Vehumet.
             Mangled by a gnoll sergeant
             ... wielding a +0 glaive
              (12 damage)
             ... in a bailey.
             The game lasted 00:55:01 (7308 turns).

Gargo the Magician (Gargoyle Earth Elementalist)    Turns: 7308, Time: 00:55:01

Health: -8/51      AC: 11    Str: 19    XL:     9   Next: 60%
Magic:  0/19       EV: 18    Int: 18    God:    Vehumet [***...]
Gold:   387        SH:  5    Dex: 15    Spells: 3 memorised, 13 levels left

rFire  . . .     SeeInvis .     a - +5 dagger of Geulakikle {pain, Stlth+}
rCold  . . .     Gourm    .     E - +0 robe
rNeg   + . .     Faith    .     f - +0 buckler
rPois  ∞         Spirit   .     (no helmet)
rElec  +         Reflect  .     N - +2 cloak {+Inv}
rCorr  .         Harm     .     L - +0 pair of gloves
MR     .....                    (no boots)
Stlth  ++++......               (no amulet)
                                l - +6 ring of strength
                                (no ring)

@: agile
A: negative energy resistance 1, electricity resistance, unbreathing,
petrification resistance, rot immunity, AC +5
a: Renounce Religion, Evoke Invisibility


You were in a bailey.
You worshipped Vehumet.
Vehumet was most pleased with you.
You were not hungry.

You visited 1 branch of the dungeon, and saw 7 of its levels.
You also visited: Bailey.

You collected 387 gold pieces.

Inventory:

Hand Weapons
 a - the +5 dagger of Geulakikle (weapon) {pain, Stlth+}
   (You found it on level 4 of the Dungeon)

   In the hands of one skilled in necromantic magic, it inflicts extra damage on
   living creatures.
   It makes you more stealthy.
 g - a +0 club
 h - a +0 short sword
 m - a +0 dagger
 w - a +0 blowgun
 C - a +0 dagger of venom
 G - a +2 hand axe of chopping
 M - a +3 quarterstaff of chaos
 O - a -3 mace
Missiles
 F - 3 poisoned needles
Armour
 c - a +0 cloak
 f - a +0 buckler (worn)
 t - a +1 cloak
 E - a +0 robe (worn)
 L - a +0 pair of gloves (worn)
 N - a +2 cloak of invisibility (worn)
Jewellery
 i - an uncursed ring of loudness
 l - a +6 ring of strength (right hand)
 J - a -3 ring of dexterity
Wands
 y - a wand of lightning (0/15)
 A - a wand of flame (0/48)
 B - a wand of random effects (5/48)
 K - a wand of confusion (0/48)
Scrolls
 j - 4 scrolls of noise
 k - a scroll of fog
 o - 2 scrolls of magic mapping
 p - a scroll of teleportation
 q - a scroll of identify
Potions
 s - 2 potions of invisibility {unknown}
 u - a potion of mutation {unknown}
 z - a potion of lignification {unknown}
 D - 2 potions of might {unknown}
 I - a potion of brilliance {unknown}
 S - a potion of cancellation {unknown}
Books
 e - a book of Geomancy

   Spells                             Type                      Level
   a - Sandblast                      Earth                        1
   b - Passwall                       Transmutation/Earth          2
   c - Stone Arrow                    Conjuration/Earth            3
   d - Petrify                        Transmutation/Earth          4
   e - Lee's Rapid Deconstruction     Earth                        5
Comestibles
 d - 4 bread rations
 x - 21 fruits
 H - 5 chunks of flesh
 P - a slice of pizza
 Q - a beef jerky


   Skills:
 + Level 3.6 Fighting
 + Level 3.2 Maces & Flails
 + Level 3.0 Dodging
 - Level 2.1 Stealth
 + Level 3.5 Shields
 * Level 7.2 Spellcasting
 + Level 5.1 Conjurations
   Level 0.7 Transmutations
 + Level 6.9 Earth Magic
 + Level 2.4 Evocations


You had 13 spell levels left.
You knew the following spells:

 Your Spells              Type           Power        Failure   Level  Hunger
a - Sandblast             Erth           ####..       1%          1    None
b - Lee's Rapid Deconstr  Erth           ####......   5%          5    #####..
A - Stone Arrow           Conj/Erth      ####..       1%          3    #......


Dungeon Overview and Level Annotations

Branches:
Dungeon (7/15)
 Temple: D:4-7

Altars:
Cheibriados
Dithmenos
Okawaru
Ru
Trog
Vehumet

Shops:
D:7 (


Innate Abilities, Weirdness & Mutations

You are resistant to torment.
Your stone body is resilient. (AC +5)
You are immune to poison.
You resist negative energy. (rN+)
You are resistant to electric shocks. (rElec)
You can survive without breathing.
You are immune to petrification.
You are immune to rotting.


Message History

Casting: Sandblast
Confirm with . or Enter, or press ? or * to list all spells.
Aiming: Stone Arrow
Press: ? - help, Shift-Dir - straight line The stone arrow hits something.
Something hits you!
* * * LOW HITPOINT WARNING * * *
You hit something but do no damage. You block something's attack.
Okay, then.
Okay, then.
You closely miss something. Something hits you.
* * * LOW HITPOINT WARNING * * *
You hit something but do no damage. You puncture something!
Something barely misses you.
Casting: Stone Arrow
Confirm with . or Enter, or press ? or * to list all spells.
Aiming: Sandblast
Press: ? - help, Shift-Dir - straight line The blast of sand hits something.
Something hits you but does no damage.
You hit something. Something hits you!
You die...

#####
♣♣♣♣♣♣....♣♣♣♣♣♣♣♣♣
♣♣≈≈≈≈≈≈≈≈≈≈≈≈≈≈≈≈≈♣
♣≈≈..(..(.........≈≈
♣≈.{)).)(..........≈
♣≈.@#####...#####..≈
♣≈.##...#...#...##.≈
♣≈##....'...'....##≈
♣≈#)....#...#.....#≈
♣≈#8....##'##....8#
♣≈#....##...##....#
♣≈#...##.....##...#
♣≈#.g(#.......#...#
♣≈#...#...8...# ###


There were no monsters in sight!

Vanquished Creatures
  The ghost of Paps the Chopper, an amateur HOMo of Trog (D:4)
  Menkaure (D:6)
  An ice beast (D:7)
  2 sky beasts (D:7)
  5 ogres
  A big kobold (D:5)
  Blork the orc (D:6)
  7 gnoll sergeants (Bailey)
  A centaur zombie (D:6)
  A jelly (Bailey)
  3 hounds
  A bullfrog skeleton (D:5)
  2 orc priests
  Crazy Yiuf (D:2)
  A centaur skeleton (D:5)
  6 gnoll shamans (Bailey)
  3 orc wizards (D:4)
  An iguana (D:4)
  2 worker ants
  14 gnolls
  9 adders
  4 shadow imps
  2 adder skeletons
  2 worms
  3 dart slugs
  2 leopard geckos
  14 orcs
  6 giant cockroaches
  15 goblins
  6 hobgoblins
  14 jackals
  2 quokkas
  A ball python (D:5)
  7 bats
  5 frilled lizards
  A giant cockroach zombie (D:5)
  A jackal skeleton (D:6)
  17 kobolds
  A leopard gecko zombie (D:5)
  A quokka zombie (D:5)
  8 rats
  A fungus (D:2)
177 creatures vanquished.

Notes
Turn   | Place    | Note
-------+----------+-------------------------------------------
     0 | D:1      | Gargo the Gargoyle Earth Elementalist began the quest for the Orb.
     0 | D:1      | Reached XP level 1. HP: 10/10 MP: 3/3
   318 | D:2      | Reached XP level 2. HP: 11/15 MP: 0/5
   838 | D:1      | Reached XP level 3. HP: 10/19 MP: 0/7
   846 | D:1      | Learned a level 3 spell: Stone Arrow
  1121 | D:2      | Reached skill level 3 in Spellcasting
  1523 | D:2      | Reached XP level 4. HP: 23/24 MP: 3/8
  1661 | D:2      | Reached skill level 1 in Conjurations
  1902 | D:2      | Found a runed door.
  2101 | D:3      | Found a radiant altar of Vehumet.
  2114 | D:3      | Became a worshipper of Vehumet
  2253 | D:3      | Reached XP level 5. HP: 28/28 MP: 6/10
  2506 | D:4      | Reached skill level 5 in Earth Magic
  2649 | D:3      | Reached skill level 4 in Spellcasting
  2712 | D:3      | Found an iron altar of Okawaru.
  2800 | D:3      | Reached * piety under Vehumet
  2800 | D:3      | Offered knowledge of Freeze by Vehumet.
  3111 | D:5      | Entered Level 5 of the Dungeon
  3164 | D:4      | Reached XP level 6. HP: 32/32 MP: 6/12
  3264 | D:4      | Found a snail-covered altar of Cheibriados.
  3538 | D:4      | Got a brightly glowing dagger
  3540 | D:4      | Identified the +5 dagger of Geulakikle {pain, Stlth+} (You found it on level 4 of the Dungeon)
  3664 | D:4      | Reached skill level 5 in Spellcasting
  3862 | D:4      | Reached XP level 7. HP: 33/36 MP: 5/14
  3944 | D:4      | Noticed Paps's ghost (amateur HOMo)
  3957 | D:4      | Killed Paps's ghost
  4329 | D:2      | Noticed Crazy Yiuf
  4334 | D:2      | Killed Crazy Yiuf
  4676 | D:5      | Reached skill level 1 in Fighting
  4676 | D:5      | Reached skill level 6 in Spellcasting
  4692 | D:5      | Reached skill level 1 in Maces & Flails
  4692 | D:5      | Reached skill level 1 in Shields
  4692 | D:5      | Reached XP level 8. HP: 43/43 MP: 1/17
  4729 | D:5      | Offered knowledge of Searing Ray by Vehumet.
  4738 | D:5      | Reached ** piety under Vehumet
  4738 | D:5      | Reached skill level 1 in Evocations
  5120 | D:5      | Found a sacrificial altar of Ru.
  5223 | D:5      | Found a bloodstained altar of Trog.
  5338 | D:6      | Noticed Menkaure
  5347 | D:6      | Killed Menkaure
  5393 | D:6      | Noticed Blork the orc
  5461 | D:6      | Killed Blork the orc
  5750 | D:7      | Reached XP level 9. HP: 18/49 MP: 5/18
  5854 | D:7      | Found a shadowy altar of Dithmenos.
  5863 | D:7      | Found Yzih's Weapon Boutique.
  5897 | D:7      | Found a flagged portal.
  5904 | Bailey   | Entered a bailey
  6172 | Bailey   | Offered knowledge of Throw Frost by Vehumet.
  6800 | Bailey   | Reached *** piety under Vehumet
  6889 | Bailey   | Learned a level 5 spell: Lee's Rapid Deconstruction
  7007 | Bailey   | Reached skill level 7 in Spellcasting
  7161 | Bailey   | Reached skill level 5 in Conjurations
  7308 | Bailey   | Mangled by a gnoll sergeant

Skill      XL: |  1  2  3  4  5  6  7  8  9 |
---------------+----------------------------+-----
Earth Magic    | 4 5 6 |  6.9
Spellcasting   | 3 4 5 6 7 |  7.2
Conjurations   | 1 2 3 4 5 |  5.1
Fighting       | 1 2 3 |  3.6
Maces & Flails | 1 2 3 |  3.2
Shields        | 1 2 3 |  3.5
Evocations     | 1 2 |  2.4
Dodging        | 2 3 |  3.0
Stealth        | |  2.1
Transmutations | |  0.7

Action                   |  1- 3 |  4- 6 |  7- 9 || total
-------------------------+-------+-------+-------++-------
Melee: Unarmed           |    10 |       |       ||    10
       Dagger            |     4 |     5 |    71 ||    80
       Short sword       |    33 |    14 |       ||    47
 Fire: Blowgun           |       |    14 |    21 ||    35
 Cast: Sandblast         |    70 |   132 |   183 ||   385
       Stone Arrow       |       |     2 |    70 ||    72
Evoke: Wand              |       |     2 |    37 ||    39
  Use: Scroll            |       |    13 |     4 ||    17
       Potion            |       |     3 |     9 ||    12
 Stab: Sleeping          |       |       |    10 ||    10
       Paralysed         |       |       |     4 ||     4
  Eat: Chunk             |     2 |     7 |    12 ||    21
       Pizza             |       |       |     1 ||     1
Armor: Robe              |    30 |    30 |    92 ||   152
Dodge: Dodged            |    63 |    53 |   138 ||   254
Block: Buckler           |       |       |    13 ||    13
